 Dungeon Crawl Stone Soup version 0.30-a0-219-gf2db51d15e (webtiles) character file.

Game seed: 9311309168026885322

12222 BlueGoblin the Skirmisher (level 11, 0/86 HPs)
             Began as a Demonspawn Hunter on Oct 6, 2022.
             Was a Follower of Makhleb.
             Slain by a cacodemon (2 damage)
             ... on level 2 of the Abyss.
             The game lasted 00:27:13 (11084 turns).

BlueGoblin the Skirmisher (Demonspawn Hunter)      Turns: 11084, Time: 00:27:14

Health: 0/86       AC: 13    Str: 11    XL:     11   Next: 59%
Magic:  18/18      EV: 15    Int: 12    God:    Makhleb [*.....]
Gold:   632        SH:  0    Dex: 24    Spells: 10/20 levels left

rFire   . . .      SeeInvis .    a - +8 great sword (spect)
rCold   . . .      Faith    .    (shield currently unavailable)
rNeg    . . .      Spirit   .    B - +0 steam dragon scales
rPois   .          Reflect  .    y - +1 helmet
rElec   .          Harm     .    (no cloak)
rCorr   .          Rampage  .    L - +0 pair of gloves
Will    +....                    l - +2 pair of boots
Stlth   ++........               (no amulet)
HPRegen 0.34/turn                I - +6 ring of dexterity
MPRegen 0.16/turn                q - ring of willpower

@: no status effects
A: molten scales 1, demonic guardian 2, foul stench 2, weakness stinger 1,
clumsy 1
a: Renounce Religion


You were on level 2 of the Abyss.
You worshipped Makhleb.
Makhleb was aware of your devotion.
You visited 2 branches of the dungeon, and saw 11 of its levels.
You visited the Abyss 1 time.

You collected 632 gold pieces.

Inventory:

Hand Weapons
 a - a +8 spectral great sword (weapon)
 b - a +1 shortbow of flaming
 k - a +2 dagger of electrocution
 J - a +3 great sword
Armour
 l - a +2 pair of boots (worn)
 y - a +1 helmet (worn)
 B - +0 steam dragon scales (worn)
 C - a +1 leather armour of poison resistance
 D - a +2 leather armour of willpower
 E - a +2 leather armour of cold resistance
 L - a +0 pair of gloves (worn)
Jewellery
 h - a ring of wizardry
 i - a ring of protection from cold
 q - a ring of willpower (right hand)
 I - a +6 ring of dexterity (left hand)
Wands
 F - a wand of digging (5)
 G - a wand of flame (8)
 K - a wand of iceblast (9)
Scrolls
 d - 2 scrolls of teleportation
 m - a scroll of poison
 n - 2 scrolls of enchant armour
 p - 3 scrolls of amnesia
 u - 8 scrolls of immolation
 z - a scroll of fear
 A - a scroll of identify
 H - a scroll of vulnerability
Potions
 c - a potion of haste {unknown}
 e - 3 potions of brilliance
 f - a potion of attraction {unknown}
 g - a potion of berserk rage {unknown}
 j - a potion of lignification
 o - a potion of mutation {unknown}
 r - a potion of curing
 s - 2 potions of ambrosia
 t - a potion of invisibility {unknown}
 v - a potion of flight {unknown}
 w - a potion of magic {unknown}
 x - 2 potions of might


   Skills:
 + Level 8.1 Fighting
 + Level 5.0 Long Blades
 + Level 12.2 Ranged Weapons
 + Level 2.6 Armour
 + Level 4.6 Dodging
 - Level 0.8 Stealth
 + Level 5.2 Spellcasting
 + Level 5.1 Hexes


You had 10 spell levels left.
You knew the following spells:

 Your Spells              Type           Power      Damage    Failure   Level
a - Portal Projectile     Hex/Tloc       18%        N/A       21%         3
b - Confusing Touch       Hex            15%        N/A       7%          3
x - Dispel Undead         Necr           3%         3d7       89%         4

Your spell library contained the following spells:

 Spells                   Type           Power      Damage    Failure   Level
 Ensorcelled Hibernation  Hex/Ice        18%        N/A       11%         2
 Apportation              Tloc           6%         N/A       21%         1
 Kiss of Death            Conj/Necr      12%        2d6       21%         1
 Dazzling Flash           Conj/Hex       18%        N/A       21%         3
 Passwall                 Tmut/Erth      2%         N/A       30%         2
 Call Canine Familiar     Summ           3%         N/A       52%         3
 Gell's Gravitas          Tloc           3%         N/A       52%         3
 Swiftness                Air            3%         N/A       52%         3
 Teleport Other           Tloc           3%         N/A       52%         3
 Leda's Liquefaction      Hex/Erth       4%         N/A       56%         4
 Airstrike                Air            1%         2d(1-17)  89%         4
 Iskenderun's Mystic Bla  Conj/Tloc      3%         2d3       89%         4
 Summon Lightning Spire   Summ/Air       3%         N/A       89%         4
 Alistair's Intoxication  Tmut/Pois      2%         N/A       99%         5
 Lightning Bolt           Conj/Air       1%         1d12      99%         5
 Dispersal                Tloc           1%         N/A       100%        6
 Starburst                Conj/Fire      1%         6d3       100%        6


Dungeon Overview and Level Annotations

Branches:
Dungeon (10/15)            Temple (1/1) D:5
   Lair: D:8-11         Orc: D:9-12

Altars:
Ashenzari
Cheibriados
Dithmenos
Fedhas
Gozag
Hepliaklqana
Kikubaaqudgha
Makhleb
Nemelex Xobeh
Okawaru
Qazlal
Ru
Sif Muna
Trog
Uskayaw
Vehumet
Wu Jian
Xom
Yredelemnul

Annotations:
D:9 1 runed translucent door, Gastronok
D:10 Erolcha


Innate Abilities, Weirdness & Mutations

You are partially covered in molten scales. (AC +2)
A demonic guardian rushes to your aid.
You sometimes emit foul miasma when damaged in melee.
You have a small tail.
You are clumsy. (Dex -2)


Message History

Hit: a) +8 great sword (spect)
Press: ? - help, Dir - move target, f - cacodemon
Aim: a cacodemon (about 27% to evade your +8 spectral great sword)
Okay, then.
Unknown command.
Unknown command.
Okay, then.
Okay, then.
You slash the cacodemon!
The cacodemon is lightly wounded.
The cacodemon gestures at you. The bolt of energy misses you.
The cacodemon hits you.
You emit a cloud of foul miasma!
The cacodemon misses you.
You closely miss the cacodemon.
The cacodemon is lightly wounded.
The cacodemon hits you!
* * * LOW HITPOINT WARNING * * *
The cacodemon misses you.
You slice the cacodemon!!
You tail-slap the cacodemon, but do no damage.
The cacodemon is moderately wounded.
The cacodemon gestures at you.
Strange energies course through your body.
You feel clumsy. The cacodemon hits you!
* * * LOW HITPOINT WARNING * * *
A demonic guardian appears!
The cacodemon hits you!
* * * LOW HITPOINT WARNING * * *
Unknown command.
You closely miss the cacodemon.
Your tail-slap misses the cacodemon.
The cacodemon is moderately wounded.
An orange demon comes into view.
The cacodemon barely misses you. The cacodemon hits you.
* * * LOW HITPOINT WARNING * * *
Your soul eater misses the cacodemon.
You slice the cacodemon!!
The cacodemon is heavily wounded.
The orange demon stings you but does no damage.
The cacodemon hits you.
You die...

# ∩ .# #. . #
.# .#
####.####. ..#
#.@23.....####
. ####4#......
# ....# .#.X.#
#.. . # . # .
.#.# # #....#.
.. . .# .. # .
## . # . .h..#
..


You could see a cacodemon (ally target), an orange demon and a friendly soul
eater (summoned).

Vanquished Creatures
  Erica (D:9)
  A sixfirhy (Abyss:2)
  An iron dragon skeleton (Abyss:2)
  Joseph (D:9)
  Maggie (D:8)
  2 trolls (D:9)
  A hornet (D:9)
  Prince Ribbit (D:5)
  A raiju (Abyss:2)
  5 starcursed masses (Abyss:2)
  Sigmund (D:6)
  2 wyverns
  Eustachio (D:6)
  12 yaks
  4 vampire mosquitoes (D:10)
  4 steam dragons
  Edmund (D:6)
  4 water moccasins
  A small abomination (Abyss:2)
  2 sky beasts
  5 ogres
  A centaur (D:7)
  3 phantoms
  4 bullfrogs
  A kobold brigand (D:9)
  A gnoll sergeant (D:10)
  2 scorpions
  A necrophage (D:7)
  8 wights
  5 killer bees (D:9)
  4 howler monkeys (D:9)
  A hound (D:6)
  2 jellies
  A gnoll bouda (D:7)
  An orc priest (D:3)
  2 iguanas
  2 orc wizards
  10 adders
  13 gnolls
  A shadow imp (D:5)
  A white imp (D:6)
  2 worms
  4 dart slugs
  20 orcs
  4 endoplasms
  4 giant cockroaches
  7 goblins
  13 hobgoblins
  4 jackals
  6 quokkas
  10 ball pythons
  3 bats
  3 frilled lizards
  9 kobolds
  2 rats
207 creatures vanquished.

Vanquished Creatures (collateral kills)
  A large abomination (Abyss:2)
  A troll (D:10)
  3 yaks (D:8)
  A steam dragon (D:6)
  A centaur (D:5)
  A necrophage (D:5)
  A scorpion (D:6)
  A howler monkey (D:9)
  A hound (D:4)
  An orc priest (D:6)
  An orc wizard (D:6)
  3 iguanas
  A gnoll (D:5)
  5 orcs (D:6)
22 creatures vanquished.

Vanquished Creatures (others)
  An adder (D:6)
1 creature vanquished.

Grand Total: 230 creatures vanquished

Notes
Turn   | Place    | Note
-------+----------+-------------------------------------------
     0 | D:1      | BlueGoblin the Demonspawn Hunter began the quest for the
                  | Orb.
     0 | D:1      | Reached XP level 1. HP: 16/16 MP: 1/1
   241 | D:1      | Reached skill level 4 in Ranged Weapons
   241 | D:1      | Gained mutation: A weak demonic guardian rushes to your
                  | aid. [demonic ancestry]
   241 | D:1      | Reached XP level 2. HP: 21/22 MP: 2/2
   536 | D:1      | Found a faded altar of an unknown god.
   825 | D:1      | Reached XP level 3. HP: 27/27 MP: 3/3
  1403 | D:2      | Gained mutation: A demonic guardian rushes to your aid.
                  | [demonic ancestry]
  1403 | D:2      | Reached XP level 4. HP: 33/33 MP: 4/4
  1757 | D:3      | Reached skill level 5 in Ranged Weapons
  1822 | D:3      | Reached skill level 1 in Armour
  1917 | D:3      | Gained mutation: You are partially covered in molten
                  | scales. (AC +2) [demonic ancestry]
  1917 | D:3      | Reached XP level 5. HP: 16/38 MP: 5/5
  2532 | D:3      | Learned a level 3 spell: Portal Projectile
  2533 | D:4      | Noticed an ogre
  2539 | D:4      | Killed an ogre
  2634 | D:4      | Reached skill level 6 in Ranged Weapons
  2702 | D:4      | Gained mutation: You may rarely emit foul miasma when
                  | damaged in melee. [demonic ancestry]
  2702 | D:4      | Reached XP level 6. HP: 46/46 MP: 6/6
  2706 | D:4      | Identified the +8 hand axe of Arrival {distort, Dex+4}
  3135 | D:4      | Gained mutation: You have a small tail. [demonic ancestry]
  3135 | D:4      | Reached XP level 7. HP: 32/52 MP: 7/7
  3374 | D:4      | Reached skill level 7 in Ranged Weapons
  3795 | D:5      | Entered Level 5 of the Dungeon
  4406 | D:5      | Found a staircase to the Ecumenical Temple.
  4492 | D:5      | Reached skill level 8 in Ranged Weapons
  4492 | D:5      | Reached XP level 8. HP: 53/61 MP: 8/8
  4652 | D:5      | Noticed Prince Ribbit
  4664 | D:5      | Killed Prince Ribbit
  4809 | Temple   | Entered the Ecumenical Temple
  5128 | D:5      | Reached skill level 1 in Spellcasting
  5128 | D:5      | Reached skill level 1 in Hexes
  5172 | D:6      | Noticed Sigmund
  5181 | D:6      | Killed Sigmund
  5367 | D:6      | Reached skill level 5 in Fighting
  5408 | D:6      | Reached skill level 9 in Ranged Weapons
  5554 | D:6      | Found a hazy altar of Hepliaklqana.
  5701 | D:6      | Reached XP level 9. HP: 10/68 MP: 12/12
  6152 | D:6      | Noticed Edmund
  6159 | D:6      | Killed Edmund
  6255 | D:6      | Noticed Eustachio
  6259 | D:6      | Killed Eustachio
  7298 | D:7      | Reached skill level 10 in Ranged Weapons
  8098 | D:8      | Noticed Maggie
  8106 | D:8      | Killed Maggie
  8107 | D:8      | Reached XP level 10. HP: 62/76 MP: 16/16
  8386 | D:8      | Reached skill level 1 in Long Blades
  8718 | D:8      | Identified a scroll of acquirement
  8718 | D:8      | Acquired a book of Touch
  8725 | D:8      | Learned a level 4 spell: Dispel Undead
  8741 | D:9      | Reached skill level 11 in Ranged Weapons
  8744 | D:9      | Reached skill level 5 in Spellcasting
  8781 | D:9      | Paralysed by a hornet for 3 turns
  9117 | D:9      | Found a runed translucent door.
  9303 | D:9      | Found a burning altar of Makhleb.
  9304 | D:9      | Found a hide-covered altar of Uskayaw.
  9404 | D:9      | Found a sparkling altar of Nemelex Xobeh.
  9406 | D:9      | Found an ancient bone altar of Kikubaaqudgha.
  9407 | D:9      | Found a bloodstained altar of Trog.
  9415 | D:9      | Became a worshipper of Makhleb the Destroyer
  9465 | D:9      | Found an ornate altar of the Wu Jian Council.
  9517 | D:9      | Noticed Joseph
  9527 | D:9      | Killed Joseph
  9528 | D:9      | Gained mutation: You sometimes emit foul miasma when
                  | damaged in melee. [demonic ancestry]
  9528 | D:9      | Reached XP level 11. HP: 51/84 MP: 18/18
  9746 | D:9      | Noticed Erica
  9753 | D:9      | Killed Erica
 10009 | D:9      | Noticed Gastronok
 10164 | D:10     | Entered Level 10 of the Dungeon
 10202 | D:10     | Noticed Erolcha
 10276 | D:10     | Learned a level 3 spell: Confusing Touch
 10303 | D:10     | Reached skill level 5 in Hexes
 10825 | Abyss:2  | Found a corrupted altar of Lugonu.
 10825 | Abyss:2  | Cast into level 2 of the Abyss (Erolcha)
 10859 | Abyss:2  | Reached skill level 12 in Ranged Weapons
 10971 | Abyss:2  | Noticed a starcursed mass
 10975 | Abyss:2  | Killed a starcursed mass
 10978 | Abyss:2  | Killed a starcursed mass
 11014 | Abyss:2  | Noticed a cacodemon
 11019 | Abyss:2  | Noticed a sixfirhy
 11025 | Abyss:2  | Killed a sixfirhy
 11025 | Abyss:2  | Noticed a large abomination
 11028 | Abyss:2  | Found a corrupted altar of Lugonu.
 11038 | Abyss:2  | Killed a large abomination
 11039 | Abyss:2  | HP: 2/86 [raiju/living lightning (10)]
 11042 | Abyss:2  | Reached * piety under Makhleb
 11043 | Abyss:2  | Reached skill level 5 in Long Blades
 11082 | Abyss:2  | Gained mutation: You are clumsy. (Dex -2) [a cacodemon]
 11082 | Abyss:2  | HP: 4/86 [cacodemon (10)]
 11084 | Abyss:2  | Slain by a cacodemon

Illustrated notes

Levels and vault maps discovered:
D:1:      minmay_arrival_shoal_huts, layout_loops_corners,
          dilly_ecumenical_altar_fadedgnrine, nrook_mini_vaults
D:2:      layout_loops_cross
D:3:      layout_basic, minmay_starry_boxes
D:4:      layout_basic, minmay_distorted
D:5:      layout_loops_ring, minmay_temple_entry_glassed_door,
          uniq_prince_ribbit1
D:6:      layout_rooms, amcnicky_altar_gilded, chequers_serial_rivers_small_3,
          uniq_edmund, uniq_sigmund, uniq_eustachio
D:7:      layout_basic
D:8:      layout_gridville, uniq_maggie
D:9:      layout_loops_ring, nicolae_overflow_hallway_of_the_gods,
          lightli_church_of_beogh, uniq_gastronok, uniq_joseph, uniq_erica
D:10:     layout_loops_ring, orc_0_dummy, uniq_erolcha
Temple:   eino_narrow_crystal_temple
Abyss:2:  base: D:2, minivault_1, hangedman_abyss_or_decor_stagger

Skill      XL: |  1  2  3  4  5  6  7  8  9 10 11 |
---------------+----------------------------------+-----
Ranged Weapons | 4 5 6 8 9 10 11 12 | 12.2
Dodging        | 2 3 4 |  4.6
Armour         | 1 2 |  2.6
Fighting       | 3 4 5 6 7 8 |  8.1
Spellcasting   | 2 4 5 |  5.2
Hexes          | 2 4 5 |  5.1
Long Blades    | 3 5 |  5.0
Stealth        | |  0.8

Action                   |  1- 3 |  4- 6 |  7- 9 | 10-12 || total
-------------------------+-------+-------+-------+-------++-------
Melee: Great sword       |       |       |       |    70 ||    70
       Tailslap          |       |       |       |    15 ||    15
 Fire: Shortbow          |    97 |   159 |   295 |   122 ||   673
 Cast: Portal Projectile |       |       |    10 |     4 ||    14
       Confusing Touch   |       |       |       |     1 ||     1
Evoke: Wand              |       |       |    25 |     4 ||    29
  Use: Scroll            |     3 |     6 |     6 |     8 ||    23
       Potion            |       |       |       |     6 ||     6
 Stab: Sleeping          |       |       |       |     2 ||     2
       Distracted        |       |       |       |     1 ||     1
Armor: Leather armour    |    19 |    27 |    28 |       ||    74
       Steam dragon scal |       |       |    20 |    63 ||    83
Dodge: Dodged            |    28 |    62 |    93 |   120 ||   303

Table legend: (Time is in decaauts)
 A = Elapsed time spent in this place.
 B = Non-inter-level travel time spent in this place.
 C = Inter-level travel time spent in this place.
 D = Time resting spent in this place.
 E = Time spent auto-exploring this place.
 F = Levels seen in this place.
 G = Mean time per level.
                   A        B        C        D        E       F      G
               +--------+--------+--------+--------+--------+-----+--------+
         Total |  11234 |  10449 |    785 |   1675 |   7116 |  12 |  936.2 |
       Dungeon |  10753 |   9980 |    773 |   1492 |   6904 |  10 | 1075.3 |
        Temple |    211 |    199 |     12 |      0 |    189 |   1 |  211.0 |
         Abyss |    269 |    269 |      0 |    183 |     23 |   1 |  269.0 |
               +--------+--------+--------+--------+--------+-----+--------+

Top non-repeatable levels by time:
     D:6: 1538 daAuts
     D:9: 1521 daAuts
     D:7: 1398 daAuts
     D:4: 1329 daAuts
     D:5: 1122 daAuts
     D:1: 998 daAuts
     D:3: 885 daAuts
     D:2: 708 daAuts
     D:8: 642 daAuts
    D:10: 608 daAuts
 Abyss:2: 269 daAuts
  Temple: 211 daAuts
